 Dungeon Crawl Stone Soup version 0.29.0-4-gdea44cf6ec (webtiles) character file.

Game seed: 15550278812606206757

169 qw the Chopper (level 5, -1/30 HPs)
             Began as a Tengu Warper on Aug 29, 2022.
             Slain by an orc priest
             ... wielding a +0 hand axe
              (4 damage)
             ... on level 3 of the Dungeon.
             The game lasted 00:00:16 (2731 turns).

qw the Chopper (Tengu Warper)                       Turns: 2731, Time: 00:00:17

Health: -1/30      AC:  8    Str: 13    XL:     5   Next: 50%
Magic:  9/9        EV:  7    Int: 13    God:
Gold:   116        SH:  0    Dex: 14    Spells: 8/8 levels left

rFire   . . .      SeeInvis .   Y - +0 hand axe
rCold   + . .      Faith    .   (no shield)
rNeg    . . .      Spirit   .   i - +0 chain mail
rPois   .          Reflect  .   (helmet restricted)
rElec   .          Harm     .   (no cloak)
rCorr   .          Rampage  .   (no gloves)
Will    +....                   (boots unavailable)
Stlth   ..........              (no amulet)
HPRegen 0.10/turn               (no ring)
MPRegen 0.11/turn               (no ring)

@: about to teleport, flying quickly and evasively, quick
A: beak, talons 3, nimble flight, cold resistance 1, deterioration 1,
strong-willed 1
a: no special abilities


You were on level 3 of the Dungeon.
You visited 1 branch of the dungeon, and saw 3 of its levels.

You collected 116 gold pieces.


Innate Abilities, Weirdness & Mutations

You have a beak for a mouth.
You have claws for feet.
Your magical nature lets you fly swiftly and evasively.
Your flesh is cold resistant. (rC+)
Your body sometimes deteriorates upon taking damage.
You are strong-willed. (Will+)


   Skills:
 - Level 2.0 Fighting
 - Level 6.1 Axes
 - Level 1.0 Throwing
 + Level 1.1 Armour
 - Level 2.1 Dodging
 - Level 2.0 Spellcasting
 - Level 2.4 Translocations


You had 8 spell levels left.
You didn't know any spells.
Your spell library contained the following spells:

 Spells                   Type           Power      Damage    Failure   Level
 Blink                    Tloc           14%        N/A       99%         2
 Gell's Gravitas          Tloc           7%         N/A       100%        3
 Lesser Beckoning         Tloc           7%         N/A       100%        3
 Teleport Other           Tloc           7%         N/A       100%        3
 Manifold Assault         Tloc           7%         N/A       100%        5

Inventory:

Hand Weapons
 j - a +0 mace
 Y - a +0 hand axe (weapon)
Armour
 i - a +0 chain mail (worn)
Scrolls
 b - 2 scrolls of identify
Potions
 a - a potion of magic {unknown}
 d - 2 potions of heal wounds {unknown}
 e - a potion of might {unknown}
 f - a potion of cancellation
 l - 2 potions of mutation

Dungeon Overview and Level Annotations

Branches:
Dungeon (3/15)

Altars:
Dithmenos


Message History

The orc wizard casts a spell.
The orc wizard flickers and vanishes!
Deactivating autopickup; reactivate with Ctrl-A.
You miss something.
An orc comes into view. It is wielding a +0 hand axe.
You barely miss the orc.
The orc shouts!
You peck the orc, but do no damage.
An orc priest comes into view. It is wielding a +0 hand axe.
You hit the orc. Your kick misses the orc. You peck the orc, but do no damage.
The orc is almost dead.
The orc barely misses you.
You closely miss the orc. Your peck misses the orc.
The orc is almost dead.
The orc barely misses you.
You hit the orc.
You kill the orc!
You miss something. You peck something. Something hits you but does no damage.
You hit something. You peck something.
The orc priest invokes the aid of Beogh against you.
Something writhes in agony.
Reactivating autopickup.
You feel a bit more experienced.
Your Axes skill increases to level 6!
The orc priest looks satisfied for a moment.
Items here: % )) [.
You barely miss the orc priest. Your peck misses the orc priest.
The orc priest calls down the wrath of Beogh upon you.
Beogh smites you!
Ouch! That really hurt!
You hit the orc priest. You peck the orc priest.
The orc priest is heavily wounded.
The orc priest mumbles some strange prayers to Beogh against you.
Beogh smites you!
2731 ||| READING scroll of teleportation.
As you read the scroll of teleportation, it crumbles to dust.
You feel strangely unstable.
The orc priest hits you with a +0 hand axe.
You die...

#.... .... ..?# ..#
############ ### #.# .$#
#..........# ...##.# #o#
#.########.# .....######o#
#.# #.# ### #.......##@#
#.# #.# ..#
#.......##.###.# #.# #.#
##....... #.....# #.#
#)####.....##############
#.#
........................#
#.#
.#####...####..########.#
#.# .# #...##.........#
#.# #.# .#
#...##......##.###.# #.#
.#
#...##......##..##.#####.#
.


You could see an orc priest and an orc.

Vanquished Creatures
  Natasha (D:3)
  6 adders
  3 worms (D:2)
  3 dart slugs
  5 orcs (D:3)
  An endoplasm (D:1)
  6 giant cockroaches
  5 goblins
  8 hobgoblins
  8 ball pythons
  5 bats
  2 frilled lizards
  3 kobolds
  4 rats
60 creatures vanquished.

Vanquished Creatures (others)
  An orc wizard (D:3)
1 creature vanquished.

Grand Total: 61 creatures vanquished

Notes
Turn   | Place    | Note
-------+----------+-------------------------------------------
     0 | D:1      | qw the Tengu Warper began the quest for the Orb.
     0 | D:1      | Reached XP level 1. HP: 12/12 MP: 4/4
     0 | D:1      | 0 ||| qw: Version: 0.1-a-89-g26bdef1
     0 | D:1      | 0 ||| qw: Game counter: 3574
     0 | D:1      | 0 ||| qw: Always use a shield: true
     0 | D:1      | 0 ||| qw: God list: Okawaru
     0 | D:1      | 0 ||| qw: Allow faded altars: false
     0 | D:1      | 0 ||| qw: Do Orc after D:15 true
     0 | D:1      | 0 ||| qw: Do second Lair branch before Depths: true
     0 | D:1      | 0 ||| qw: Lair rune preference: random
     0 | D:1      | 0 ||| qw: Plans: Normal
     0 | D:1      | 0 ||| PLANNING D:1-11
   254 | D:1      | Reached XP level 2. HP: 17/17 MP: 6/6
   276 | D:1      | Reached skill level 3 in Axes
   399 | D:1      | 399 ||| Stepping ~*~*~tactically~*~*~ (stealth).
   400 | D:1      | 400 ||| Stepping ~*~*~tactically~*~*~ (stealth).
   401 | D:1      | 401 ||| Stepping ~*~*~tactically~*~*~ (stealth).
   478 | D:1      | 478 ||| Stepping ~*~*~tactically~*~*~ (stealth).
   636 | D:1      | 636 ||| DROPPING +0 club.
   796 | D:1      | 796 ||| Stepping ~*~*~tactically~*~*~ (stealth).
   802 | D:1      | Reached XP level 3. HP: 17/21 MP: 7/7
   880 | D:1      | 880 ||| Stepping ~*~*~tactically~*~*~ (hiding).
  1085 | D:1      | 1085 ||| UPGRADING to +0 scale mail.
  1095 | D:1      | 1095 ||| DROPPING +0 leather armour.
  1096 | D:1      | 1096 ||| UPGRADING to +0 chain mail.
  1106 | D:1      | 1106 ||| DROPPING +0 scale mail.
  1107 | D:1      | 1107 ||| READING scroll labelled LOYPPEGUAMU.
  1108 | D:1      | 1108 ||| READING scroll labelled JOJYIKHUN ZYI.
  1109 | D:1      | 1109 ||| READING scroll labelled BEOWNO ENEIMOI.
  1224 | D:1      | 1224 ||| READING scroll labelled ITROCO CAGREBU.
  1225 | D:1      | 1225 ||| READING scroll labelled ACWYCA GEIDUE.
  1228 | D:1      | 1228 ||| DRINKING 2 yellow potions.
  1229 | D:1      | 1229 ||| DRINKING 2 metallic golden potions.
  1229 | D:1      | Gained mutation: You are strong-willed. (Will+) [potion of
                  | mutation]
  1229 | D:1      | Gained mutation: Your flesh is cold resistant. (rC+)
                  | [potion of mutation]
  1229 | D:1      | Gained mutation: Your body sometimes deteriorates upon
                  | taking damage. [potion of mutation]
  1230 | D:1      | 1230 ||| DROPPING scroll of blinking.
  1246 | D:2      | 1246 ||| STAIRDANCE
  1249 | D:1      | Reached skill level 4 in Axes
  1257 | D:2      | 1257 ||| Stepping ~*~*~tactically~*~*~ (stealth).
  1384 | D:2      | 1384 ||| Stepping ~*~*~tactically~*~*~ (stealth).
  1542 | D:2      | Found a shadowy altar of Dithmenos.
  1730 | D:2      | Reached XP level 4. HP: 25/26 MP: 8/8
  2062 | D:2      | Reached skill level 5 in Axes
  2185 | D:3      | 2185 ||| Stepping ~*~*~tactically~*~*~ (stealth).
  2188 | D:3      | 2188 ||| Stepping ~*~*~tactically~*~*~ (stealth).
  2212 | D:3      | 2212 ||| Stepping ~*~*~tactically~*~*~ (stealth).
  2368 | D:3      | Noticed Natasha
  2377 | D:3      | Killed Natasha
  2378 | D:3      | Gained mutation: Your magical nature lets you fly swiftly
                  | and evasively. [Tengu growth]
  2378 | D:3      | Reached XP level 5. HP: 18/30 MP: 9/9
  2570 | D:3      | 2570 ||| Stepping ~*~*~tactically~*~*~ (stealth).
  2571 | D:3      | 2571 ||| Stepping ~*~*~tactically~*~*~ (stealth).
  2574 | D:3      | 2574 ||| Stepping ~*~*~tactically~*~*~ (stealth).
  2728 | D:3      | Reached skill level 6 in Axes
  2730 | D:3      | HP: 3/30 [orc priest/divine providence (12)]
  2731 | D:3      | 2731 ||| READING scroll of teleportation.
  2731 | D:3      | Slain by an orc priest

Levels and vault maps discovered:
D:1:      eino_arrival_cavern_b, layout_basic, kennysheep_doodads
D:2:      layout_basic, basic_altar
D:3:      layout_basic, uniq_robin, uniq_natasha

Skill      XL: |  1  2  3  4  5 |
---------------+----------------+-----
Axes           | 3 4 5 6 |  6.1
Fighting       | |  2.0
Throwing       | |  1.0
Armour         | |  1.1
Dodging        | |  2.1
Spellcasting   | |  2.0
Translocations | |  2.4

Action                   |  1- 3 |  4- 6 || total
-------------------------+-------+-------++-------
Melee: Hand axe          |    84 |    79 ||   163
       Kick              |    14 |    20 ||    34
       Peck              |    10 |    16 ||    26
       Punch             |     1 |     1 ||     2
Throw: Boomerang         |     7 |       ||     7
  Use: Scroll            |     5 |     1 ||     6
       Potion            |     2 |       ||     2
Armor: Leather armour    |     4 |       ||     4
       Chain mail        |    27 |    38 ||    65
Dodge: Dodged            |    29 |    21 ||    50

Table legend:
 A = Non-vault XP
 B = Vault XP
 C = Vault XP percentage of total XP
 D = Non-vault monster count
 E = Vault monster count
 F = Vault count percentage of total count
                 A         B        C        D         E       F
            +---------+---------+-------+---------+---------+-------
      Total |     206 |      36 |  14.9 |      60 |       1 |   1.6
            +---------+---------+-------+---------+---------+-------
        D:1 |      46 |       0 |   0.0 |      25 |       0 |   0.0
        D:2 |      70 |       0 |   0.0 |      22 |       0 |   0.0
        D:3 |      90 |      36 |  28.6 |      13 |       1 |   7.1
            +---------+---------+-------+---------+---------+-------
